 Dungeon Crawl Stone Soup version 0.28-a0-706-gf6f64a616a (webtiles) character file.

Game seed: 16556260368974178887

145 quinnr the Gusty (level 5, -5/28 HPs)
             Began as a Tengu Air Elementalist on Oct 24, 2021.
             Killed by divine providence
             ... invoked by an orc priest
              (12 damage)
             ... on level 3 of the Dungeon.
             The game lasted 00:05:36 (3481 turns).

quinnr the Gusty (Tengu Air Elementalist)           Turns: 3481, Time: 00:05:37

Health: -5/28      AC:  2    Str:  8    XL:     5   Next: 27%
Magic:  0/9        EV: 14    Int: 16    God:
Gold:   74         SH:  4    Dex: 15    Spells: 7/8 levels left

rFire   . . .      SeeInvis .   h - +0 hunting sling (vorpal)
rCold   + . .      Faith    .   e - +0 buckler
rNeg    . . .      Spirit   .   a - +0 robe
rPois   .          Reflect  .   (helmet restricted)
rElec   .          Harm     .   (no cloak)
rCorr   .          Rampage  .   (no gloves)
Will    .....                   (boots unavailable)
Stlth   ++........              m - amulet of the acrobat
HPRegen 0.09/turn               n - ring of protection from cold
MPRegen 0.11/turn               (no ring)

@: flying quickly and evasively, very slightly contaminated, quick
A: beak, talons 3, nimble flight
a: no special abilities


You were on level 3 of the Dungeon.
You visited 1 branch of the dungeon, and saw 3 of its levels.

You collected 74 gold pieces.

Inventory:

Hand Weapons
 h - a +0 vorpal hunting sling (weapon)
Missiles
 i - 83 stones (quivered ammo)
Armour
 a - a +0 robe (worn)
 e - a +0 buckler (worn)
Jewellery
 m - an amulet of the acrobat (around neck)
 n - a ring of protection from cold (left hand)
Scrolls
 b - a scroll of fear {unknown}
 c - 2 scrolls of identify {unknown}
 f - 3 scrolls of noise {unknown}
 g - a scroll of vulnerability {unknown}
 l - a scroll of teleportation {unknown}
 o - a scroll of amnesia {unknown}
Potions
 d - 4 potions of curing
 j - a potion of lignification {unknown}
 k - 2 potions of heal wounds {unknown}


   Skills:
 - Level 2.2 Dodging
 - Level 2.0 Stealth
 + Level 2.3 Shields
 - Level 2.0 Spellcasting
 - Level 1.5 Conjurations
 * Level 6.6 Air Magic


You had 7 spell levels left.
You knew the following spells:

 Your Spells              Type           Power      Damage    Failure   Level
a - Shock                 Conj/Air       56%        1d6       4%          1

Your spell library contained the following spells:

 Spells                   Type           Power      Damage    Failure   Level
 Swiftness                Air            22%        N/A       4%          3
 Static Discharge         Conj/Air       14%        N/A       7%          2
 Airstrike                Air            11%        N/A       17%         4


Dungeon Overview and Level Annotations

Branches:
Dungeon (3/15)

Altars:
Qazlal

Shops:
D:3 *


Innate Abilities, Weirdness & Mutations

You have a beak for a mouth.
You have claws for feet.
Your magical nature lets you fly swiftly and evasively.


Message History

You now have 74 gold pieces (gained 14).
Items here: )) [ †.
An orc priest comes into view. It is wielding a +0 trident.
The orc priest moves out of view.
The zap misses the orc priest.
The orc priest looks encouraged for a moment.
The zap hits the orc priest.
The orc priest is moderately wounded.
The orc priest looks encouraged for a moment.
The zap hits the orc priest.
The orc priest is heavily wounded.
The zap hits the orc priest.
The orc priest is heavily wounded.
The zap misses the orc priest.
The orc priest misses you.
The zap hits the orc priest.
The orc priest is severely wounded.
The orc priest closely misses you.
The zap hits the orc priest.
The orc priest is almost dead.
The orc priest completely misses you.
You miscast Shock.
You are very lightly contaminated with residual magic.
Nothing appears to happen.
The orc priest invokes the aid of Beogh against you.
You barely resist.
The zap misses the orc priest.
The orc priest invokes the aid of Beogh against you.
Beogh smites you!
Unknown command.
The zap misses the orc priest.
The orc priest hits you from afar with a +0 trident!
* * * LOW HITPOINT WARNING * * *
Unknown command.
Fire: 84 stones
Press: ? - help, Q - select action, (/) - cycle Shift-Dir - straight line, f/p - orc priest
Aim: an orc priest, wielding a +0 trident (almost dead, 57% to hit)
You shoot a stone. The stone barely misses the orc priest.
The orc priest calls down the wrath of Beogh upon you.
Beogh smites you!
You die...

.#
#.#.......##.##
## ##.#.......#
.# ..
...........# .#
## ...........#
.#
#####.......#
.# ####.#####.#
#...)..(#
######..#####
#..@......#
#.........#
#..o......#
#:.∩......#
#...<.....#
#.........#
#.........#
#.........#


You could see an orc priest.

Vanquished Creatures
  A hound (D:2)
  6 adders
  3 dart slugs
  2 orcs (D:3)
  3 endoplasms
  2 giant cockroaches
  7 goblins
  6 hobgoblins
  3 jackals (D:1)
  2 quokkas (D:1)
  4 ball pythons
  2 bats
  2 frilled lizards
  7 kobolds
  3 rats
53 creatures vanquished.

Notes
Turn   | Place    | Note
-------+----------+-------------------------------------------
     0 | D:1      | quinnr the Tengu Air Elementalist began the quest for the
                  | Orb.
     0 | D:1      | Reached XP level 1. HP: 10/10 MP: 4/4
   245 | D:1      | Reached XP level 2. HP: 15/15 MP: 1/6
  1214 | D:1      | Reached skill level 5 in Air Magic
  1214 | D:1      | Reached XP level 3. HP: 13/19 MP: 0/7
  1324 | D:1      | Reached skill level 1 in Shields
  1717 | D:2      | Reached XP level 4. HP: 24/24 MP: 3/8
  2145 | D:2      | Reached skill level 6 in Air Magic
  3048 | D:3      | Gained mutation: Your magical nature lets you fly swiftly
                  | and evasively. [Tengu growth]
  3048 | D:3      | Reached XP level 5. HP: 28/28 MP: 5/9
  3210 | D:3      | Noticed a water elemental
  3212 | D:3      | Found a stormy altar of Qazlal.
  3218 | D:3      | Noticed a fire elemental
  3221 | D:3      | Noticed an air elemental
  3375 | D:3      | Found Zysesch's General Store.
  3481 | D:3      | Killed from afar by an orc priest

Illustrated notes

Levels and vault maps discovered:
D:1:      moated_graveyard_arrival, layout_rooms, minmay_pentomino_s2
D:2:      layout_loops_cross
D:3:      layout_loops_ring, nicolae_qazlal_style_of_elements,
          grunt_dithmenos_smoke_and_mirrors, tgw_trog, serial_shops, shop,
          basic_ecumenical_altar

Skill      XL: |  1  2  3  4 |
---------------+-------------+-----
Air Magic      | 5 6 |  6.6
Shields        | 1 2 |  2.3
Dodging        | |  2.2
Stealth        | |  2.0
Spellcasting   | |  2.0
Conjurations   | |  1.5

Action                   |  1- 3 |  4- 6 || total
-------------------------+-------+-------++-------
Melee: Unarmed           |     9 |       ||     9
       Kick              |     3 |       ||     3
       Peck              |     1 |       ||     1
 Fire: Hunting sling     |       |     8 ||     8
 Cast: Shock             |    72 |    80 ||   152
  Use: Potion            |     1 |       ||     1
Armor: Robe              |     1 |       ||     1
Dodge: Dodged            |    18 |    21 ||    39
Block: Buckler           |     2 |     5 ||     7

Table legend: (Time is in decaauts)
 A = Elapsed time spent in this place.
 B = Non-inter-level travel time spent in this place.
 C = Inter-level travel time spent in this place.
 D = Time resting spent in this place.
 E = Time spent auto-exploring this place.
 F = Levels seen in this place.
 G = Mean time per level.
                   A        B        C        D        E       F      G
               +--------+--------+--------+--------+--------+-----+--------+
         Total |   3474 |   3422 |     52 |    762 |   2190 |   3 | 1158.0 |
       Dungeon |   3474 |   3422 |     52 |    762 |   2190 |   3 | 1158.0 |
               +--------+--------+--------+--------+--------+-----+--------+

Top non-repeatable levels by time:
     D:1: 1786 daAuts
     D:2: 1242 daAuts
     D:3: 445 daAuts
